 Dungeon Crawl Stone Soup version 0.22-a0-425-g89d60a1 (webtiles) character file.

256 Jynxie the Slasher (level 5, -1/41 HPs)
             Began as a Demonspawn Gladiator on May 25, 2018.
             Slain by an orc
             ... wielding a +0 trident
              (8 damage)
             ... on level 3 of the Dungeon.
             The game lasted 00:03:59 (2530 turns).

Jynxie the Slasher (Demonspawn Gladiator)           Turns: 2530, Time: 00:03:59

Health: -1/41      AC:  5    Str: 14    XL:     5   Next: 92%
Magic:  5/5        EV: 12    Int: 10    God:
Gold:   65         SH:  0    Dex: 15    Spells: 4/4 levels left

rFire    . . .     SeeInvis .   a - +0 long sword
rCold    . . .     Gourm    .   (no shield)
rNeg     . . .     Faith    .   b - +0 leather armour
rPois    .         Spirit   .   g - +2 hat
rElec    .         Reflect  .   (no cloak)
rCorr    .         Harm     .   (no gloves)
MR       .....                  (no boots)
Stlth    +.........             (no amulet)
HPRegen  0.13/turn              (no ring)
MPRegen  0.09/turn              (no ring)

@: no status effects
A: antennae 2, spiny 1
a: no special abilities


You were on level 3 of the Dungeon.
You were not hungry.

You visited 1 branch of the dungeon, and saw 3 of its levels.

You collected 65 gold pieces.

Inventory:

Hand Weapons
 a - a +0 long sword (weapon)
Missiles
 d - 3 throwing nets (quivered) {!f}
Armour
 b - a +0 leather armour (worn)
 g - a +2 hat (worn)
   (You found it on level 1 of the Dungeon)
Scrolls
 c - a scroll of magic mapping {unknown}
 i - 2 scrolls of blinking {unknown}
 j - 2 scrolls of identify {unknown}
 k - a scroll of teleportation {unknown}
 m - a scroll of remove curse {unknown}
 n - a scroll of amnesia {unknown}
Potions
 f - a potion of curing {@q1}
 h - a potion of haste {@q3}
 l - a potion of lignification {unknown}
Comestibles
 e - 3 rations {!d}
 o - 6 chunks of flesh


   Skills:
 + Level 3.5 Fighting
 * Level 4.7 Long Blades
 + Level 3.1 Throwing
 - Level 2.6 Dodging


You had 4 spell levels left.
You didn't know any spells.
Your spell library was empty.

Dungeon Overview and Level Annotations

Branches:
Dungeon (3/15)

Altars:


Innate Abilities, Weirdness & Mutations

You have a pair of antennae on your head.
You are partially covered in sharp spines.


Message History

Pain shoots through your body! The orc misses you.
You riposte.
You slash the orc!
You kill the orc!
The orc hits you but does no damage.
You closely miss the orc priest. The orc priest closely misses you.
The orc barely misses you.
The orc priest hits you with a short sword.
You hit the orc priest but do no damage.
The orc barely misses you.
The orc priest hits you but does no damage.
You hit the orc priest but do no damage.
The orc barely misses you.
You riposte.
You slash the orc!
You kill the orc!
The orc barely misses you.
The orc priest hits you but does no damage.
You closely miss the orc priest.
The orc priest hits you with a short sword.
The orc hits you from afar with a trident.
You hit the orc priest but do no damage.
The orc priest barely misses you.
The orc hits you from afar with a trident.
* * * LOW HITPOINT WARNING * * *
You are too injured to fight recklessly!
You are too injured to fight recklessly!
You are too injured to fight recklessly!
You closely miss the orc priest.
The orc priest hits you but does no damage.
The orc closely misses you.
You closely miss the orc priest.
The orc priest hits you but does no damage.
The orc hits you but does no damage.
You closely miss the orc priest.
The orc priest is struck by your spines.
The orc priest closely misses you.
You riposte.
You barely miss the orc priest.
The orc hits you from afar with a trident.
* * * LOW HITPOINT WARNING * * *
The orc priest hits you but does no damage.
You closely miss the orc priest.
The orc hits you from afar with a trident.
* * * LOW HITPOINT WARNING * * *
The orc priest misses you.
You closely miss the orc priest. The orc misses you.
The orc priest hits you with a short sword.
* * * LOW HITPOINT WARNING * * *
You closely miss the orc priest. The orc barely misses you.
The orc priest barely misses you.
You riposte.
You hit the orc priest but do no damage.
You hit the orc priest but do no damage.
The orc hits you from afar with a trident!
You die...

......<......##..(....
............##..........
............####........
............#####.......
...............)(.......
...............)(..[....
...........(...)........
.........)....#.........
......)@........#....>..
......#)o.......#.......
.>... #o................
.... ...................
.>. ....................
.. ................ .
.....##....... o.....#
......


You could see an orc priest and an orc.

Vanquished Creatures
  A bullfrog (D:2)
  An orc priest (D:3)
  Jessica (D:3)
  Terence (D:3)
  A gnoll (D:1)
  2 adders
  An ooze (D:3)
  A worm (D:2)
  4 dart slugs
  A leopard gecko (D:1)
  5 orcs (D:3)
  2 ball pythons (D:3)
  2 giant cockroaches
  7 hobgoblins
  6 jackals
  4 bats
  A frilled lizard (D:2)
  3 goblins
  11 kobolds
  10 rats
65 creatures vanquished.

Notes
Turn   | Place    | Note
-------+----------+-------------------------------------------
     0 | D:1      | Jynxie the Demonspawn Gladiator began the quest for the Orb.
     0 | D:1      | Reached XP level 1. HP: 16/16 MP: 1/1
    88 | D:1      | Reached skill level 3 in Long Blades
    88 | D:1      | Gained mutation: You have a pair of small antennae on your head. [demonic ancestry]
    88 | D:1      | Reached XP level 2. HP: 3/22 MP: 2/2
  1069 | D:1      | Gained mutation: You are partially covered in sharp spines. [demonic ancestry]
  1069 | D:1      | Reached XP level 3. HP: 25/28 MP: 3/3
  1450 | D:2      | Noticed a bullfrog
  1459 | D:2      | Killed a bullfrog
  1459 | D:2      | Reached skill level 4 in Long Blades
  1459 | D:2      | Gained mutation: You have a pair of antennae on your head. [demonic ancestry]
  1459 | D:2      | Reached XP level 4. HP: 10/35 MP: 4/4
  2149 | D:3      | Reached XP level 5. HP: 41/41 MP: 5/5
  2152 | D:3      | Noticed Jessica
  2194 | D:3      | Killed Jessica
  2489 | D:3      | Noticed Terence
  2500 | D:3      | Killed Terence
  2530 | D:3      | Slain by an orc

Vault maps used:
D:1:      eino_arrival_tree_alley
D:2:      grunt_ministairs_8
D:3:      fedhas_altar_fruit_tree, uniq_terence, uniq_jessica

Skill      XL: |  1  2  3  4  5 |
---------------+----------------+-----
Long Blades    | 3 4 |  4.7
Throwing       | 2 3 |  3.1
Fighting       | 3 |  3.5
Dodging        | |  2.6

Action                   |  1- 3 |  4- 6 || total
-------------------------+-------+-------++-------
Melee: Long sword        |    80 |    84 ||   164
 Stab: Sleeping          |       |     1 ||     1
  Eat: Chunk             |     2 |     3 ||     5
Armor: Leather armour    |    22 |    22 ||    44
Dodge: Dodged            |    48 |    53 ||   101
       Rpst.: Long sword |    17 |    19 ||    36

Table legend:
 A = Spawn XP
 B = Non-spawn XP
 C = Spawn XP percentage of total XP
 D = Spawn monster count
 E = Non-spawn monster count
 F = Spawn count percentage of total count
 G = Total turns spent on level
                    A         B        C        D         E        F      G
               +---------+---------+-------+---------+---------+-------+---------
         Total |       0 |     366 |   0.0 |       0 |      65 |   0.0 |  2530
               +---------+---------+-------+---------+---------+-------+---------
           D:1 |       0 |      41 |   0.0 |       0 |      17 |   0.0 |  1211
           D:2 |       0 |     148 |   0.0 |       0 |      22 |   0.0 |   864
           D:3 |       0 |     177 |   0.0 |       0 |      26 |   0.0 |   455
               +---------+---------+-------+---------+---------+-------+---------
